 Seeded DCSS version 0.30-a0-956-gcec3b41aec (webtiles) character file.

Game seed: 13137397067068997422 (custom seed)

77295 mistaj the Fencer (level 15, -5/85 HPs)
             Began as a Vine Stalker Fighter on Mar 30, 2023.
             Was the Champion of Cheibriados.
             Killed by divine providence
             ... invoked by a meliai
              (13 damage)
             ... on level 14 of the Dungeon.
             The game lasted 00:34:43 (15553 turns).

mistaj the Fencer (Vine Stalker Fighter)           Turns: 15553, Time: 00:34:43

Health: -5/85      AC: 20    Str: 39 (40) XL:     15   Next: 56%
Magic:  0/25       EV: 14    Int: 25      God:    Cheibriados [******]
Gold:   2915       SH: 16    Dex: 33 (35) Spells: 26/26 levels left

rFire   + . .      SeeInvis .    D - +8 scimitar (flame)
rCold   + + .      Faith    .    q - +0 kite shield of Foybuaki {Int+3 Dex+2 Slay+4}
rNeg    . . .      Spirit   +    J - +2 chain mail {rC+}
rPois   .          Reflect  .    A - +0 helmet
rElec   .          Rampage  .    I - +0 cloak
rCorr   .          Clarity  +    n - +2 pair of gloves of Feral Brilliance {+Blink Slay+2}
Will    +....                    j - +0 pair of boots Stlth
                                 G - amulet of regeneration
HPRegen 1.94/turn                N - ring of protection from fire
MPRegen 0.19/turn                k - ring of protection from cold

@: very slow
A: fangs 3, regeneration 1, magic shield, antimagic bite, no potion heal 2,
talons 1, agile 1, clarity, deterioration 1, shaggy fur 1, MP-powered wands
a: Renounce Religion, Evoke Blink, Bend Time, Temporal Distortion, Slouch, Step
From Time


You were on level 14 of the Dungeon.
You worshipped Cheibriados.
Cheibriados was exalted by your worship.
You visited 2 branches of the dungeon, and saw 20 of its levels.
You also visited: Sewer, Bailey and Ice Cave.

You collected 2915 gold pieces.

Inventory:

Hand Weapons
 D - a +8 scimitar of flaming (weapon)
Missiles
 E - 3 throwing nets (quivered)
Armour
 j - a +0 pair of boots (worn)
 n - the +2 pair of gloves of Feral Brilliance (worn) {+Blink Slay+2}
   (You acquired it on level 3 of the Dungeon)

   Slay:      It affects your accuracy & damage with ranged weapons and melee
   (+2).
   +Blink:    It lets you blink.
 q - the +0 kite shield of Foybuaki (worn) {Int+3 Dex+2 Slay+4}
   (You acquired it on level 4 of the Dungeon)

   Int:       It affects your intelligence (+3).
   Dex:       It affects your dexterity (+2).
   Slay:      It affects your accuracy & damage with ranged weapons and melee
   (+4).
 u - a +1 ring mail of fire resistance
 A - a +0 helmet (worn)
 I - a +0 cloak (worn)
 J - a +2 chain mail of cold resistance (worn)
Jewellery
 b - a ring of flight
 k - a ring of protection from cold (right hand)
 m - an amulet of reflection
 y - a ring of positive energy
 G - an amulet of regeneration (around neck)
 M - a ring of see invisible
 N - a ring of protection from fire (left hand)
Wands
 e - a wand of roots (8)
 x - a wand of paralysis (15)
 z - a wand of digging (8)
 O - a wand of flame (12)
 P - a wand of mindburst (7)
Scrolls
 h - 5 scrolls of identify
 l - 11 scrolls of teleportation
 o - 3 scrolls of magic mapping
 p - 3 scrolls of silence
 r - a scroll of fear
 s - 2 scrolls of blinking
 t - 7 scrolls of enchant armour
 v - 2 scrolls of fog
 F - a scroll of immolation
Potions
 a - 3 potions of flight
 c - 6 potions of brilliance
 d - 9 potions of might
 f - 2 potions of mutation
 g - 14 potions of curing
 i - 2 potions of cancellation
 w - a potion of berserk rage
 B - 4 potions of attraction
 C - 2 potions of lignification
 H - a potion of magic
 K - 2 potions of ambrosia


   Skills:
 + Level 12.4 Fighting
 + Level 15.5 Long Blades
 - Level 2.4 Axes
 + Level 5.9 Armour
 + Level 5.2 Dodging
 + Level 12.4 Shields
 + Level 6.3 Spellcasting


You had 26 spell levels left.
You didn't know any spells.
Your spell library contained the following spells:

 Spells                   Type           Power      Damage    Failure   Level
 Foxfire                  Conj/Fire      28%        2x1d3     43%         1
 Freeze                   Ice            28%        1d5       43%         1
 Shock                    Conj/Air       28%        1d4       43%         1
 Cigotuvi's Dreadful Rot  Necr/Pois/Air  14%        N/A       58%         2
 Ensorcelled Hibernation  Hex/Ice        14%        N/A       58%         2
 Passwall                 Tmut/Erth      5%         N/A       58%         2
 Dazzling Flash           Conj/Hex       14%        N/A       82%         3
 Frozen Ramparts          Ice            14%        1d3       82%         3
 Hailstorm                Conj/Ice       7%         3d4       82%         3
 Kindle Blastsparks       Fire/Tloc/Air  14%        2d11      82%         3
 Summon Guardian Golem    Hex/Summ       7%         N/A       82%         3
 Swiftness                Air            7%         N/A       82%         3
 Airstrike                Air            3%         2d(1-17)  99%         4
 Dispel Undead            Necr           7%         3d8       99%         4
 Fulminant Prism          Conj/Hex       3%         3d5       99%         4
 Iskenderun's Mystic Bla  Conj/Tloc      7%         2d4       99%         4
 Agony                    Necr           7%         N/A       100%        5
 Fireball                 Conj/Fire      3%         3d4       100%        5
 Lee's Rapid Deconstruct  Erth           3%         3d5*      100%        5
 Silence                  Hex/Air        3%         N/A       100%        5
 Yara's Violent Unravell  Hex/Tmut       3%         3d4       100%        5
 Death Channel            Necr           3%         N/A       100%        6
 Starburst                Conj/Fire      3%         6d3       100%        6
 Enfeeble                 Hex            3%         N/A       100%        7
 Orb of Destruction       Conj           3%         9d5       100%        7
 Spellforged Servitor     Conj/Summ      3%         N/A       100%        7
 Chain Lightning          Conj/Air       3%         3d4       100%        9
 Fire Storm               Conj/Fire      3%         8d1       100%        9
 Shatter                  Erth           3%         3d7*      100%        9


Dungeon Overview and Level Annotations

Branches:
Dungeon (15/15)            Temple (0/1) D:5            Lair (5/5) D:9
  Swamp (0/4) Lair:2        Snake (0/4) Lair:2        Slime (0/5) Lair:5
    Orc (0/2) D:12         Vaults (0/5) D:13          Sewer (visited)
 Bailey (visited)           IceCv (visited)
 Depths: D:15

Altars:
Ashenzari
Cheibriados
Dithmenos
Elyvilon
Gozag
Kikubaaqudgha
Makhleb
Trog
Vehumet
Wu Jian
Xom
Yredelemnul
Zin
The Shining One
Jiyva

Shops:
D:5 *   D:8 *

Portals:
Trove: D:15 (give +6 fire dragon scales)

Annotations:
D:12 2 runed translucent doors


Innate Abilities, Weirdness & Mutations

You have razor-sharp teeth.
Your natural rate of healing is unusually fast.
When hurt, damage is shared between your health and your magic reserves.
Your bite disrupts and absorbs the magic of your enemies.
Potions cannot restore your health.
You have sharp toenails.
You are agile. (Dex +4, Str/Int -1)
You possess an exceptional clarity of mind.
Your body sometimes deteriorates upon taking damage.
You are covered in fur. (AC +1)
You expend magic power (3 MP) to strengthen your wands.


Message History

You burn the five-headed hydra.
You kill the five-headed hydra!
Cheibriados thoroughly appreciates the change of pace.
The meliai mumbles some strange prayers to its god against you.
Something smites you!
The meliai hits you with a +2 broad axe of distortion!
Your body deteriorates!
You feel clumsy. Space warps horribly around you.
* * * LOW HITPOINT WARNING * * *
You block the meliai's attack.
A centaur warrior comes into view.
The meliai calls down the wrath of its god upon you.
Something smites you!
* * * LOW HITPOINT WARNING * * *
The meliai closely misses you.
The meliai stings you but does no damage.
The centaur warrior shouts!
You feel your dexterity returning.
You are too injured to fight recklessly!
Unknown command.
You are too injured to fight recklessly!
Unknown command.
You are too injured to fight recklessly!
You closely miss the meliai. You bite the meliai! You drain its power.
You feel invigorated.
The meliai is moderately wounded.
You block the meliai's attack. The meliai stings you.
* * * LOW HITPOINT WARNING * * *
The meliai mumbles some strange prayers to its god against you.
Something smites you!
* * * LOW HITPOINT WARNING * * *
Blink to where?
Press: ? - help, Dir - move target
As you read the scroll of blinking, it crumbles to dust.
The meliai invokes the aid of its god against you.
Something smites you!
* * * LOW HITPOINT WARNING * * *
The meliai mumbles some strange prayers to its god against you.
Something smites you!
You die...

.#..).......................##
.....###.................####
....### ...##...........##
#.....###..##..####.....###
....#......##..###........#
..^.##..........##.......##
..........................#.
..................##........
.(..............@.##.........
.<................##.......##..
............................ [
...............#.#...........
.............#####y.y.......
.............# #...§.......
...................#.†......
........... ................
......... ..###..........#


You could see 2 meliai.

Vanquished Creatures
  Rupert (D:13)
  A frost giant (IceCv)
  Nessos (Lair:4)
  Josephine (Lair:5)
  7 vault guards
  Erolcha (D:13)
  3 catoblepae
  6 hydras
  2 boulder beetles
  2 centaur warriors
  7 death yaks (IceCv)
  2 tengu warriors (D:14)
  2 two-headed ogres
  A vampire mage (Lair:4)
  Urug (D:10)
  Nergalle (D:10)
  A skyshark (Lair:5)
  A skeletal warrior (D:14)
  2 deep elf pyromancers (D:13)
  2 ugly things (D:13)
  An oklob plant (Lair:5)
  7 cyclopes
  6 elephants
  Maurice (D:9)
  An ice statue (IceCv)
  3 torpor snails
  5 black mambas
  4 gargoyles
  4 cane toads
  6 komodo dragons
  10 rime drakes
  2 kobold demonologists
  An efreet (D:13)
  3 trolls
  A queen bee (shapeshifter) (D:15)
  10 polar bears
  7 hornets (Lair:5)
  8 blink frogs (Lair:3)
  A tyrant leech (Lair:2)
  Prince Ribbit (Bailey)
  Sigmund (D:4)
  7 slime creatures
  6 wraiths
  2 shadows
  15 spriggans (Lair:5)
  4 wyverns
  Eustachio (D:4)
  11 humans
  2 basilisks
  62 yaks
  3 steam dragons
  6 vampire mosquitoes
  2 swamp worms (Lair:2)
  A warg (D:12)
  Duvessa (D:4)
  3 acid dragons
  13 water moccasins
  3 ice beasts
  3 sky beasts
  7 orc warriors
  6 black bears
  2 boggarts (Lair:5)
  33 wolves
  3 ogres
  2 phantoms (D:6)
  3 centaurs
  Blork the orc (D:4)
  A kobold brigand (D:9)
  24 bullfrogs
  2 gnoll sergeants
  3 scorpions
  9 wights
  Dowan (D:4)
  6 killer bees (D:9)
  6 howler monkeys
  4 orc priests
  A hound (D:5)
  2 jellies
  A sleepcap (D:6)
  2 iguanas
  Terence (D:3)
  8 orc wizards
  16 gnolls
  16 adders
  6 river rats (Sewer)
  A shadow imp (D:6)
  3 white imps
  4 worms
  5 dart slugs
  36 orcs
  6 endoplasms
  7 giant cockroaches
  12 goblins
  8 hobgoblins
  3 quokkas
  18 ball pythons
  5 bats
  4 frilled lizards
  12 kobolds
  34 rats
  A spectral orc (D:7)
598 creatures vanquished.

Vanquished Creatures (others)
  A vault guard (D:13)
  Sonja (Lair:3)
  A bat (D:2)
  5 demonic plants (D:3)
  28 fungi
  32 plants
  A withered plant (D:3)
69 creatures vanquished.

Grand Total: 667 creatures vanquished

Notes
Turn   | Place    | Note
-------+----------+-------------------------------------------
     0 | D:1      | mistaj the Vine Stalker Fighter began the quest for the
                  | Orb.
     0 | D:1      | Reached XP level 1. HP: 11/11 MP: 2/2
    87 | D:1      | Reached XP level 2. HP: 16/16 MP: 3/3
   330 | D:1      | Identified a scroll of acquirement
   330 | D:1      | Acquired the +9 scimitar "Penit" {venom, *Corrode rF+ Int+8
                  | Dex+3}
   369 | D:1      | Reached XP level 3. HP: 20/20 MP: 4/4
   618 | D:2      | Found Xexamnid's Weapon Shoppe.
   881 | D:2      | Reached skill level 1 in Long Blades
   881 | D:2      | Gained mutation: Your natural rate of healing is unusually
                  | fast. [Vine Stalker growth]
   881 | D:2      | Reached XP level 4. HP: 23/24 MP: 5/5
  1010 | D:3      | Acquired the +2 pair of gloves of Feral Brilliance {+Blink
                  | Slay+2}
  1033 | D:3      | Found a faded altar of an unknown god.
  1050 | D:3      | Found an ornate altar of the Wu Jian Council.
  1537 | D:3      | Reached XP level 5. HP: 25/28 MP: 6/6
  1538 | D:3      | Reached skill level 2 in Long Blades
  1813 | D:3      | Noticed Terence
  1817 | D:3      | Killed Terence
  1874 | D:3      | Found a broken altar of Ashenzari.
  2087 | D:4      | Noticed Eustachio
  2102 | D:4      | Killed Eustachio
  2103 | D:4      | Reached skill level 3 in Long Blades
  2103 | D:4      | Reached XP level 6. HP: 33/33 MP: 7/7
  2173 | D:4      | Noticed a black bear
  2176 | D:4      | Killed a black bear
  2177 | D:4      | Reached XP level 7. HP: 32/37 MP: 6/8
  2336 | D:4      | Noticed Duvessa
  2336 | D:4      | Noticed Sigmund
  2337 | D:4      | Noticed Dowan
  2341 | D:4      | Killed Duvessa
  2342 | D:4      | Reached skill level 4 in Long Blades
  2348 | D:4      | Killed Dowan
  2358 | D:4      | Killed Sigmund
  2391 | D:4      | Found a glowing silver altar of Zin.
  2452 | D:4      | Reached skill level 5 in Long Blades
  2452 | D:4      | Gained mutation: You have razor-sharp teeth. [Vine Stalker
                  | growth]
  2452 | D:4      | Reached XP level 8. HP: 42/42 MP: 9/9
  2466 | D:4      | Found an opulent altar of Gozag.
  2484 | D:4      | Reached skill level 5 in Fighting
  2484 | D:4      | Reached skill level 5 in Shields
  2561 | D:4      | Acquired the +0 kite shield of Foybuaki {Int+3 Dex+2
                  | Slay+4}
  2778 | D:4      | Noticed Blork the orc
  2786 | D:4      | Killed Blork the orc
  2811 | D:4      | Found a snail-covered altar of Cheibriados.
  3123 | D:4      | Became a worshipper of Cheibriados the Contemplative
  3163 | D:5      | Entered Level 5 of the Dungeon
  3179 | D:5      | Found a glowing drain.
  3198 | Sewer    | Entered a sewer
  3232 | Sewer    | Reached * piety under Cheibriados
  3338 | Sewer    | Reached ** piety under Cheibriados
  3463 | Sewer    | Reached *** piety under Cheibriados
  3464 | Sewer    | Reached skill level 6 in Long Blades
  3821 | D:5      | Found Fattoqam's Elemental Accessories.
  3890 | D:5      | Reached XP level 9. HP: 48/48 MP: 10/10
  3930 | D:5      | Found a staircase to the Ecumenical Temple.
  4013 | D:6      | Reached skill level 7 in Long Blades
  4192 | D:6      | Reached **** piety under Cheibriados
  4294 | D:6      | Found a shadowy altar of Dithmenos.
  4298 | D:6      | Reached skill level 8 in Long Blades
  4543 | D:7      | Found an ancient bone altar of Kikubaaqudgha.
  4636 | D:7      | Reached XP level 10. HP: 50/53 MP: 9/11
  4867 | D:7      | Found a basalt altar of Yredelemnul.
  4923 | D:7      | Found a glowing golden altar of the Shining One.
  5079 | D:8      | Found Liozef's General Store.
  5129 | D:8      | Reached skill level 9 in Long Blades
  5272 | D:8      | Reached ***** piety under Cheibriados
  5371 | D:8      | Identified the +0 plate armour "Bouxoar" {Rampage}
  5466 | D:8      | Found a shimmering altar of Xom.
  5556 | D:8      | Found a radiant altar of Vehumet.
  5954 | D:9      | Found a flagged portal.
  5969 | Bailey   | Entered a bailey
  5976 | Bailey   | Reached skill level 10 in Long Blades
  6010 | Bailey   | Reached XP level 11. HP: 50/60 MP: 12/12
  6070 | Bailey   | Noticed a vault guard
  6070 | Bailey   | Noticed Prince Ribbit
  6078 | Bailey   | Noticed a vault guard
  6087 | Bailey   | Killed a vault guard
  6093 | Bailey   | Killed a vault guard
  6099 | Bailey   | Killed Prince Ribbit
  6141 | Bailey   | Acquired 1099 gold pieces
  6194 | D:9      | Noticed Maurice
  6201 | D:9      | Found a burning altar of Makhleb.
  6210 | D:9      | Killed Maurice
  6211 | D:9      | Reached skill level 11 in Long Blades
  6375 | D:9      | Noticed a two-headed ogre
  6380 | D:9      | Killed a two-headed ogre
  6456 | D:9      | Reached ****** piety under Cheibriados
  6608 | D:9      | Found a staircase to the Lair.
  6704 | D:9      | Found a bloodstained altar of Trog.
  6865 | D:10     | Entered Level 10 of the Dungeon
  7104 | D:10     | Noticed a two-headed ogre
  7108 | D:10     | Killed a two-headed ogre
  7111 | D:10     | Noticed Nergalle
  7117 | D:10     | Killed Nergalle
  7118 | D:10     | Reached skill level 12 in Long Blades
  7194 | D:10     | Noticed Urug
  7199 | D:10     | Killed Urug
  7200 | D:10     | Reached XP level 12. HP: 66/66 MP: 13/13
  7998 | D:11     | Acquired 485 gold pieces
  8090 | Lair:1   | Entered Level 1 of the Lair of Beasts
  8395 | Lair:1   | Noticed a catoblepas
  8403 | Lair:1   | Killed a catoblepas
  9261 | Lair:2   | Noticed a five-headed hydra
  9268 | Lair:2   | Killed a two-headed hydra
  9269 | Lair:2   | Reached skill level 13 in Long Blades
  9286 | Lair:2   | Found a frozen archway.
  9289 | Lair:2   | Reached skill level 10 in Shields
  9290 | Lair:2   | Reached skill level 10 in Fighting
  9297 | IceCv    | Entered an ice cave
  9313 | IceCv    | Noticed a death yak
  9325 | IceCv    | Killed a death yak
  9363 | IceCv    | Noticed a death yak
  9364 | IceCv    | Noticed a death yak
  9373 | IceCv    | Killed a death yak
  9377 | IceCv    | Killed a death yak
  9378 | IceCv    | Reached XP level 13. HP: 62/72 MP: 14/14
  9563 | IceCv    | Reached skill level 14 in Long Blades
  9738 | IceCv    | Noticed a frost giant
  9747 | IceCv    | Killed a frost giant
 10010 | Lair:2   | Gained mutation: You expend magic power (3 MP) to
                  | strengthen your wands. [potion of mutation]
 10062 | Lair:2   | Lost mutation: You expend magic power (3 MP) to strengthen
                  | your wands. [potion of mutation]
 10062 | Lair:2   | Gained mutation: Your flesh is cold resistant. (rC+)
                  | [potion of mutation]
 10062 | Lair:2   | Gained mutation: Your body sometimes deteriorates upon
                  | taking damage. [potion of mutation]
 10062 | Lair:2   | Gained mutation: You are weak. (Str -2) [potion of
                  | mutation]
 10063 | Lair:2   | Lost mutation: You are weak. (Str -2) [potion of mutation]
 10063 | Lair:2   | Lost mutation: Your flesh is cold resistant. (rC+) [potion
                  | of mutation]
 10063 | Lair:2   | Gained mutation: You are strong-willed. (Will+) [potion of
                  | mutation]
 10063 | Lair:2   | Gained mutation: You are agile. (Dex +4, Str/Int -1)
                  | [potion of mutation]
 10063 | Lair:2   | Gained mutation: You are vulnerable to cold. (rC-) [potion
                  | of mutation]
 10063 | Lair:2   | Gained mutation: You are very agile. (Dex +8, Str/Int -2)
                  | [potion of mutation]
 10064 | Lair:2   | Lost mutation: Your body sometimes deteriorates upon taking
                  | damage. [potion of mutation]
 10064 | Lair:2   | Lost mutation: You are strong-willed. (Will+) [potion of
                  | mutation]
 10064 | Lair:2   | Gained mutation: You are covered in fur. (AC +1) [potion of
                  | mutation]
 10064 | Lair:2   | Gained mutation: You are weak. (Str -2) [potion of
                  | mutation]
 10065 | Lair:2   | Lost mutation: You are weak. (Str -2) [potion of mutation]
 10065 | Lair:2   | Lost mutation: You are very agile. (Dex +8, Str/Int -2)
                  | [potion of mutation]
 10065 | Lair:2   | Lost mutation: You are vulnerable to cold. (rC-) [potion of
                  | mutation]
 10065 | Lair:2   | Gained mutation: You have sharp toenails. [potion of
                  | mutation]
 10065 | Lair:2   | Gained mutation: You possess an exceptional clarity of
                  | mind. [potion of mutation]
 10065 | Lair:2   | Gained mutation: Your body sometimes deteriorates upon
                  | taking damage. [potion of mutation]
 10065 | Lair:2   | Gained mutation: You expend magic power (3 MP) to
                  | strengthen your wands. [potion of mutation]
 10188 | Lair:2   | Found a staircase to the Snake Pit.
 10417 | Lair:2   | Found a staircase to the Swamp.
 10664 | Lair:3   | Noticed Sonja
 10669 | Lair:3   | Killed Sonja
 10833 | Lair:3   | Reached skill level 1 in Spellcasting
 10991 | Lair:3   | Reached skill level 1 in Dodging
 11076 | Lair:3   | Found a white marble altar of Elyvilon.
 11389 | Lair:4   | Noticed Nessos
 11396 | Lair:4   | Killed Nessos
 11696 | Lair:4   | Reached XP level 14. HP: 68/79 MP: 15/19
 11990 | Lair:4   | Found a runed translucent door.
 12394 | Lair:5   | Entered Level 5 of the Lair of Beasts
 12595 | Lair:5   | Noticed Josephine
 12608 | Lair:5   | Killed Josephine
 12872 | Lair:5   | Reached skill level 15 in Long Blades
 13781 | Lair:5   | Found a viscous altar of Jiyva.
 13781 | Lair:5   | Found a staircase to the Slime Pits.
 14126 | D:12     | Found a large runed translucent door.
 14126 | D:12     | Found a large runed translucent door.
 14154 | D:12     | Reached skill level 5 in Spellcasting
 14212 | D:12     | Reached skill level 5 in Armour
 14299 | D:12     | Found a staircase to the Orcish Mines.
 14307 | D:12     | Reached XP level 15. HP: 84/84 MP: 23/23
 14777 | D:13     | Noticed Erolcha
 14782 | D:13     | Killed Erolcha
 15183 | D:13     | Noticed Rupert
 15183 | D:13     | Paralysed by Rupert for 2 turns
 15199 | D:13     | Killed Rupert
 15271 | D:13     | Found a gate to the Vaults.
 15377 | D:14     | Reached skill level 5 in Dodging
 15499 | D:14     | You fall into a shaft and drop 1 floor!
 15499 | D:15     | Entered Level 15 of the Dungeon
 15499 | D:15     | Found a portal to a secret trove of treasure.
 15553 | D:14     | Killed from afar by a meliai

Illustrated notes

Levels and vault maps discovered:
D:1:      dpeg_arrival_long_road, layout_basic
D:2:      layout_rooms, serial_shops, nicolae_shop_bloodbath_and_beyond
D:3:      layout_loops_corners, lemuel_round_altar,
          mainiacjoe_overflow_alcove_4, shapermc_ecumenical_altar_gd,
          minmay_misc_feat_roman, uniq_terence
D:4:      cheibrodos_old_hovel, layout_basic, kennysheep_mini,
          nicolae_gozag_cash_rules_everything_around_me, zin_statuary,
          uniq_eustachio, uniq_duvessa, uniq_blork_the_orc, uniq_sigmund
D:5:      layout_basic, minmay_temple_entry_antechambers, portal_sewer_entry_b,
          nicolae_elemental_shop
D:6:      layout_rooms, grunt_dithmenos_shadows, centaur_isle
D:7:      layout_rooms, yredelemnul_forgotten_temple_becter,
          mainiacjoe_overflow_boulevard, general_overflow_altar
D:8:      layout_layer_cave, lemuel_doored_altar, mainiacjoe_overflow_24_doors,
          serial_shops, shop
D:9:      layout_basic, overflow_temple_1_default, mainiacjoe_overflow_paths,
          grunt_lair_entry_orc_guard_hut, enter_bailey_5,
          hangedman_decor_points, minmay_quadrilaterals, uniq_maurice
D:10:     layout_basic, uniq_urug, uniq_nergalle
D:11:     layout_roguey
D:12:     okawaru_arena_lexackson, layout_loops_cross, david_orc_1_choice
D:13:     layout_rooms, ximxim_vaults_locker_room, uniq_rupert, uniq_erolcha
D:14:     layout_cave_pools, drop_trap
D:15:     grunt_enter_depths_hoard, layout_rooms, enter_trove_5, fedhas_altar_1
Lair:1:   layout_chaotic_city, serial_bayou_shore_b, lemuel_fruit_tree
Lair:2:   layout_hall_layers, palyth_hydra_swamp_entry, dummy_snake_entry,
          portal_ice_cave_rime
Lair:3:   layout_big_grid, basic_altar, cheibrodos_lair_reptile_den, uniq_sonja
Lair:4:   layout_roguey, pdpol_lair_cabin_in_the_woods, uniq_nessos
Lair:5:   minmay_lair_end_enchanted_forest, layout_cave_pods,
          dpeg_slime_entry_enclosed, grunt_megastairs_1, uniq_josephine

Skill      XL: |  1  2  3  4  5  6  7  8  9 10 11 12 13 14 15 |
---------------+----------------------------------------------+-----
Axes           | 2 |  2.4
Fighting       | 3 4 5 6 8 9 10 11 12 | 12.4
Shields        | 3 4 5 6 8 9 10 11 12 | 12.4
Long Blades    | 1 3 5 6 8 10 12 13 14 15 | 15.5
Spellcasting   | 2 5 6 |  6.3
Dodging        | 2 4 5 |  5.2
Armour         | 3 5 |  5.9

Action                     |  1- 3 |  4- 6 |  7- 9 | 10-12 | 13-15 || total
---------------------------+-------+-------+-------+-------+-------++-------
  Melee: War axe           |    30 |       |       |       |       ||    30
         Bite              |     8 |     6 |    48 |    76 |   247 ||   385
         Scimitar          |    31 |    53 |   245 |   275 |   570 ||  1174
    Use: Scroll            |     3 |     1 |     5 |    24 |     7 ||    40
         Potion            |       |       |       |       |     6 ||     6
   Stab: Sleeping          |       |       |       |     1 |       ||     1
 Armour: Scale mail        |    40 |    18 |    40 |       |       ||    98
         Ring mail         |       |       |    66 |    25 |       ||    91
         Chain mail        |       |       |       |    70 |   156 ||   226
  Dodge: Dodged            |    29 |    18 |    98 |    77 |   177 ||   399
  Block: Buckler           |    15 |    23 |    12 |       |       ||    50
         Reflection        |       |     2 |     4 |    12 |    13 ||    31
         Kite shield       |       |       |   252 |   331 |   538 ||  1121

Table legend: (Time is in decaauts)
 A = Elapsed time spent in this place.
 B = Non-inter-level travel time spent in this place.
 C = Inter-level travel time spent in this place.
 D = Time resting spent in this place.
 E = Time spent auto-exploring this place.
 F = Levels seen in this place.
 G = Mean time per level.
                   A        B        C        D        E       F      G
               +--------+--------+--------+--------+--------+-----+--------+
         Total |  23870 |  22688 |   1182 |   1629 |  16206 |  23 | 1037.8 |
       Dungeon |  13618 |  12820 |    798 |    102 |  10069 |  15 |  907.9 |
          Lair |   8559 |   8175 |    384 |   1350 |   5476 |   5 | 1711.8 |
         Sewer |    460 |    460 |      0 |      3 |    201 |   1 |  460.0 |
        Bailey |    286 |    286 |      0 |      3 |     55 |   1 |  286.0 |
      Ice Cave |    945 |    945 |      0 |    171 |    404 |   1 |  945.0 |
               +--------+--------+--------+--------+--------+-----+--------+

Top non-repeatable levels by time:
  Lair:5: 2484 daAuts
  Lair:1: 1809 daAuts
  Lair:4: 1751 daAuts
     D:8: 1596 daAuts
     D:9: 1487 daAuts
  Lair:2: 1395 daAuts
    D:13: 1251 daAuts
     D:4: 1200 daAuts
    D:11: 1180 daAuts
    D:12: 1176 daAuts
  Lair:3: 1118 daAuts
     D:3: 1060 daAuts
    D:10: 1044 daAuts
   IceCv: 945 daAuts
     D:6: 834 daAuts
